 Dungeon Crawl Stone Soup version 0.17.0-28-g6e173f8 (webtiles) character file.

2851 PossumBlood the Markscentaur (level 9, -2/68 HPs)
             Began as a Centaur Hunter on Dec 2, 2015.
             Was a Believer of Okawaru.
             Slain by an unseen horror (4 damage)
             ... on level 8 of the Dungeon.
             The game lasted 00:29:15 (7682 turns).

PossumBlood the Markscentaur (Centaur Hunter)       Turns: 7682, Time: 00:29:15

Health: -2/68      AC: 17    Str: 16    XL:     9   Next: 46%
Magic:  9/9        EV:  9    Int: 10    God:    Okawaru [**....]
Gold:   438        SH:  0    Dex: 15    Spells: 0 memorised, 8 levels left

rFire  . . .     SeeInvis .     b - +0 short sword
rCold  . . .     Clarity  .     c - +0 leather armour
rNeg   . . .     SustAt   +     (no shield)
rPois  .         Gourm    .     N - +0 helmet
rElec  .         Spirit   .     (no cloak)
rCorr  .         Warding  .     K - +2 pair of gloves
rMut   +         Stasis   .     f - +4 centaur barding
MR     .....                    P - amulet of resist mutation
Stlth  +.........               z - ring of sustain attributes
                                w - +3 ring of dexterity

@: very quick, not resistant to hostile enchantments, very unstealthy
A: hooves 3, deformed body, speed 2, tough skin 3
a: Heroism, Renounce Religion


You were on level 8 of the Dungeon.
You worshipped Okawaru.
Okawaru was pleased with you.
You were not hungry.

You visited 2 branches of the dungeon, and saw 9 of its levels.
You also visited: Ossuary.

You collected 438 gold pieces.

Inventory:

Hand Weapons
 a - a +2 shortbow
 b - a +0 short sword (weapon)
 t - a cursed -1 arbalest
 H - a +0 battleaxe
 I - a cursed +1 morningstar
 J - a +3 halberd
Missiles
 d - 33 arrows
 v - 12 arrows of dispersal
 D - 15 arrows of frost
Armour
 c - a +0 leather armour (worn)
 f - a +4 centaur barding (worn)
 m - a +0 large shield
 o - a +2 shield
 C - a +0 ring mail of magic resistance
 K - a +2 pair of gloves (worn)
 N - a +0 helmet (worn)
 X - a +1 ring mail of fire resistance
Jewellery
 w - a +3 ring of dexterity (left hand)
 y - an uncursed ring of protection from cold
 z - a ring of sustain attributes (right hand)
 F - an uncursed ring of magical power
 P - an amulet of resist mutation (around neck)
 Q - an uncursed ring of teleportation
 U - an uncursed amulet of resist corrosion {unknown}
Wands
 B - a wand of fire (9)
 E - a wand of frost (27)
 S - a wand of draining (2)
Scrolls
 j - 2 scrolls of blinking
 r - 2 scrolls of teleportation
 s - 3 scrolls of recharging
 O - a scroll of fog
 R - 2 scrolls of identify
 V - a scroll of remove curse
Potions
 g - a potion of flight
 h - a potion of ambrosia
 i - a potion of poison {unknown}
 n - a potion of curing {unknown}
 p - a potion of lignification {unknown}
 u - a potion of might {unknown}
 x - 2 potions of haste {unknown}
 A - a potion of beneficial mutation {unknown}
 G - 2 potions of berserk rage {unknown}
 T - a potion of cure mutation {unknown}
 W - 2 potions of agility {unknown}
Books
 L - a book of Burglary

   Spells                             Type                      Level
   a - Swiftness                      Charms/Air                   2
   b - Passwall                       Transmutation/Earth          3
   c - Passage of Golubria            Translocation                4
   d - Lee's Rapid Deconstruction     Earth                        5
   e - Darkness                       Hexes                        6
   f - Invisibility                   Hexes                        6
 M - a book of the Sky

   Spells                             Type                      Level
   a - Summon Lightning Spire         Summoning/Air                4
   b - Airstrike                      Air                          4
   c - Silence                        Hexes/Air                    5
   d - Deflect Missiles               Charms/Air                   6
   e - Conjure Ball Lightning         Conjuration/Air              6
   f - Tornado                        Air                          9
Comestibles
 k - a beef jerky
 l - 4 meat rations
 Y - a royal jelly


   Skills:
 + Level 2.6 Fighting
 + Level 15.0 Bows
 + Level 2.7 Armour
 + Level 3.3 Dodging
 + Level 0.9 Stealth


You had 8 spell levels left.
You didn't know any spells.

Dungeon Overview and Level Annotations

Branches:
Dungeon (8/15)             Temple (1/1) D:5
   Lair: D:8-11

Altars:
Ashenzari
Cheibriados
Dithmenos
Fedhas
Gozag
Makhleb
Nemelex Xobeh
Okawaru
Qazlal
Sif Muna
Trog
Vehumet
Xom
Yredelemnul

Shops:
D:4 %


Innate Abilities, Weirdness & Mutations

You have hooves in place of feet.
Armour fits poorly on your strangely shaped body.
You cover ground very quickly.
You have extremely tough skin (AC +3).


Message History

Something hits you. Something hits you but does no damage.
You closely miss something. Your kick misses something. Something hits you.
* * * LOW HITPOINT WARNING * * *
Something hits you.
* * * LOW HITPOINT WARNING * * *
You see here 6 arrows.
Something hits you!
* * * LOW HITPOINT WARNING * * *
Something hits you.
* * * LOW HITPOINT WARNING * * *
Something completely misses you.
You see here 6 arrows.
Something hits you but does no damage. Something hits you but does no damage.
Something hits you but does no damage. Something hits you.
* * * LOW HITPOINT WARNING * * *
Something hits you but does no damage. Something hits you.
You die...

### #####
##(#####...#########
#..@.(..(..†........
##(#####...#########
#.######..........
#................#
#..####...#####.##
...# #.........#
#.## #..######.# #
#.# #..#
#.###.#####..#


There were no monsters in sight!

Vanquished Creatures
  Menkaure (D:5)
  A hungry ghost (D:7)
  A black bear (D:4)
  A phantom (D:5)
  An ogre (D:4)
  4 giant frogs
  6 water moccasin zombies (Ossuary)
  6 killer bees (D:8)
  A scorpion (D:5)
  11 wights
  A centaur zombie (D:5)
  2 crimson imps
  A hound (D:4)
  4 orc priests
  A wasp zombie (D:7)
  4 giant frog zombies
  3 giant frog skeletons
  2 orc wizards (D:6)
  An iguana (D:6)
  3 worker ants
  3 big kobold zombies (Ossuary)
  A hound zombie (D:7)
  2 mummies (Ossuary)
  4 worker ant zombies
  3 adders
  6 gnolls
  An ooze (D:6)
  8 adder zombies
  3 worms
  25 orcs
  A gnoll zombie (Ossuary)
  9 goblins
  9 hobgoblins
  4 jackals (D:6)
  9 kobolds
  A quokka (D:5)
  A ball python (D:3)
  5 bats
  4 giant cockroaches
  2 giant geckos
  A giant gecko skeleton (D:5)
  6 giant newts
  5 hobgoblin zombies (Ossuary)
  5 kobold zombies (Ossuary)
  2 orc zombies (Ossuary)
  A quokka skeleton (D:4)
  10 rats
186 creatures vanquished.

Vanquished Creatures (others)
  A soldier ant (D:8)
  A worker ant (D:8)
  A plant (D:8)
3 creatures vanquished.

Grand Total: 189 creatures vanquished

Notes
Turn   | Place    | Note
--------------------------------------------------------------
     0 | D:1      | PossumBlood the Centaur Hunter began the quest for the Orb.
     0 | D:1      | Reached XP level 1. HP: 17/17 MP: 1/1
   270 | D:1      | Reached XP level 2. HP: 24/24 MP: 2/2
   531 | D:1      | Reached skill level 6 in Bows
   738 | D:1      | Reached XP level 3. HP: 29/29 MP: 3/3
  1289 | D:3      | Found a shattered altar of Ashenzari.
  1308 | D:3      | Reached XP level 4. HP: 11/36 MP: 4/4
  1670 | D:3      | Reached skill level 7 in Bows
  1837 | D:3      | Found a radiant altar of Vehumet.
  1837 | D:3      | Found a stormy altar of Qazlal.
  1893 | D:3      | Found a faded altar to an unknown god.
  2096 | D:3      | Found a shattered altar of Ashenzari.
  2297 | D:4      | Reached skill level 1 in Armour
  2297 | D:4      | Reached XP level 5. HP: 37/41 MP: 5/5
  2327 | D:4      | Noticed a black bear
  2338 | D:4      | Killed a black bear
  2338 | D:4      | Reached skill level 8 in Bows
  2580 | D:4      | Reached XP level 6. HP: 36/49 MP: 6/6
  3050 | D:4      | Reached skill level 9 in Bows
  3435 | D:4      | Found Qeykoly's Food Shoppe.
  3700 | D:5      | Entered Level 5 of the Dungeon
  3727 | D:5      | Reached XP level 7. HP: 41/56 MP: 7/7
  3736 | D:5      | Noticed Menkaure
  3748 | D:5      | Killed Menkaure
  3748 | D:5      | Reached skill level 10 in Bows
  3996 | D:5      | Found a bloodstained altar of Trog.
  4148 | D:5      | Found a shimmering altar of Xom.
  4498 | D:5      | Reached skill level 11 in Bows
  4579 | D:5      | Found a staircase to the Ecumenical Temple.
  4615 | Temple   | Entered the Ecumenical Temple
  4621 | Temple   | Became a worshipper of Warmaster Okawaru
  4856 | D:5      | Found a shadowy altar of Dithmenos.
  5015 | D:6      | Reached XP level 8. HP: 62/62 MP: 8/8
  5397 | D:6      | Reached skill level 12 in Bows
  6144 | D:7      | Reached * piety under Okawaru
  6161 | D:7      | Reached skill level 13 in Bows
  6466 | D:7      | Found a sand-covered staircase.
  6496 | Ossuary  | Entered an ossuary
  6586 | Ossuary  | Reached XP level 9. HP: 61/68 MP: 9/9
  6681 | Ossuary  | Reached ** piety under Okawaru
  6692 | Ossuary  | Reached skill level 14 in Bows
  7214 | D:8      | Reached skill level 15 in Bows
  7580 | D:8      | HP: 1/68 [something (9)]
  7597 | D:8      | HP: 3/68 [something (8)]
  7675 | D:8      | HP: 2/68 [something (3)]
  7680 | D:8      | HP: 1/68 [something (1)]
  7682 | D:8      | Slain by an unseen horror

Action                   |  1- 3 |  4- 6 |  7- 9 || total
-------------------------+-------+-------+-------++-------
Melee: Shortbow          |       |     1 |       ||     1
       Short sword       |       |       |    12 ||    12
 Fire: Shortbow          |   142 |   210 |   586 ||   938
  Use: Scroll            |     3 |     5 |     6 ||    14
       Potion            |       |     1 |     7 ||     8
  Eat: Bread ration      |       |     2 |     2 ||     4
       Royal jelly       |       |       |     1 ||     1
